 Dungeon Crawl Stone Soup version 0.21-a0-94-gdd6ab6a (webtiles) character file.

37 sagitran the Gusty (level 3, -5/19 HPs)
             Began as a Tengu Air Elementalist on July 3, 2017.
             Killed from afar by an orc wizard (6 damage)
             ... with a magic dart
             ... on level 3 of the Dungeon.
             The game lasted 00:08:49 (1429 turns).

sagitran the Gusty (Tengu Air Elementalist)         Turns: 1429, Time: 00:08:50

Health: -5/19      AC:  2    Str:  8    XL:     3   Next: 41%
Magic:  2/7        EV: 13    Int: 16    God:
Gold:   67         SH:  0    Dex: 14    Spells: 0/6 levels left

rFire    . . .     SeeInvis .   h - +0 dagger
rCold    . . .     Gourm    .   (no shield)
rNeg     . . .     Faith    .   a - +0 robe
rPois    .         Spirit   .   (helmet restricted)
rElec    .         Reflect  .   (no cloak)
rCorr    .         Harm     .   (no gloves)
MR       .....                  (boots unavailable)
Stlth    ++........             (no amulet)
HPRegen  0.06/turn              (no ring)
MPRegen  0.10/turn              (no ring)

@: no status effects
A: beak, talons 3
a: no special abilities


You were on level 3 of the Dungeon.
You were not hungry.

You visited 1 branch of the dungeon, and saw 3 of its levels.

You collected 67 gold pieces.

Inventory:

Hand Weapons
 h - a +0 dagger (weapon)
Armour
 a - a +0 robe (worn)
 i - a +0 chain mail of fire resistance
Scrolls
 d - a scroll of immolation
 e - a scroll of identify {unknown}
 j - a scroll of magic mapping {unknown}
 k - a scroll of teleportation {unknown}
Books
 b - a book of Air

   Spells                             Type                      Level
   a - Shock                          Conjuration/Air              1
   b - Swiftness                      Charms/Air                   2
   c - Static Discharge               Conjuration/Air              3
   d - Airstrike                      Air                          4
   e - Lightning Bolt                 Conjuration/Air              5
Comestibles
 c - 3 bread rations
 g - a meat ration


   Skills:
 + Level 2.5 Dodging
 + Level 2.5 Stealth
 + Level 2.3 Spellcasting
 + Level 1.7 Conjurations
 + Level 4.6 Air Magic


You couldn't memorise any spells.
You knew the following spells:

 Your Spells              Type           Power        Failure   Level  Hunger
a - Shock                 Conj/Air       ##..         5%          1    #......
b - Swiftness             Chrm/Air       #.......     12%         2    ###....
c - Static Discharge      Conj/Air       ##......     16%         3    ###....


Dungeon Overview and Level Annotations

Branches:
Dungeon (3/15)

Altars:
Ashenzari


Innate Abilities, Weirdness & Mutations

You have a beak for a mouth.
You have claws for feet.


Message History

You barely miss something.
The frilled lizard hisses angrily.
You peck something. Something hits you.
You miss something. Your peck misses something. Something hits you.
You hit something. You claw something. You peck something. Something hits you.
* * * LOW HITPOINT WARNING * * *
You hear some strange, mumbled words.
A puff of frost appears from out of thin air!
The puff of frost misses you.
Your magical contamination has completely faded away.
You aren't carrying any potions.
As you read the scroll labeled DASAZO MOKK, it crumbles to dust.
The creatures around you are filled with an inner flame!
It was a scroll of immolation.
Something hits you but does no damage. Something hits you.
* * * LOW HITPOINT WARNING * * *
You hear some strange, mumbled words.
A magic dart appears from out of thin air!
The magic dart hits you!
You die...

##### #...#
####.#.###
#...###.<#######
#....#....@.ol.#
#..†.....#####.#
#.##...### #.#
#.##...# #o#
#.###### #l# #.#
#.## #.# #..#
#.# ##.# #.# #)#


You could see an orc and a frilled lizard.

Vanquished Creatures
  A dart slug (D:2)
  3 orcs (D:3)
  A ball python (D:3)
  7 bats
  3 giant cockroaches
  2 goblins (D:1)
  4 hobgoblins
  6 kobolds (D:1)
  3 rats (D:1)
30 creatures vanquished.

Notes
Turn   | Place    | Note
-------+----------+-------------------------------------------
     0 | D:1      | sagitran the Tengu Air Elementalist began the quest for the Orb.
     0 | D:1      | Reached XP level 1. HP: 10/10 MP: 4/4
   148 | D:2      | Found a shattered altar of Ashenzari.
   258 | D:1      | Reached XP level 2. HP: 15/15 MP: 3/6
   681 | D:1      | Reached XP level 3. HP: 19/19 MP: 3/7
   685 | D:1      | Learned a level 2 spell: Swiftness
   689 | D:1      | Learned a level 3 spell: Static Discharge
  1429 | D:3      | Killed from afar by an orc wizard

Vault maps used:
D:1:      dpeg_arrival_arbitrary_a, minivault_14, st_stairs_14
D:2:      ashenzari_conservatory_becter, uniq_robin
D:3:      kiku_gazebo_pond_becter, st_stairs_5, feat_on_display

Action                   || total
-------------------------++-------
Melee: Dagger            ||    29
       Kick              ||     7
       Peck              ||     6
 Cast: Shock             ||    34
  Use: Scroll            ||     1
 Stab: Sleeping          ||     3
  Eat: Fruit             ||     2
Armor: Robe              ||    14
Dodge: Dodged            ||    29
